 Dungeon Crawl Stone Soup version 0.29.1-2-gbd0b4ee654 (webtiles) character file.

Game seed: 13310489120858178412

25621 hawla the Thaumaturge (level 13, -14/102 HPs)
             Began as a Meteoran Fire Elementalist on Oct 31, 2022.
             Was a Priest of Vehumet.
             Demolished by a bog body (23 damage)
             ... on level 3 of the Lair of Beasts.
             The game lasted 00:41:27 (7731 turns).

hawla the Thaumaturge (Meteoran Fire Elementalist)  Turns: 7731, Time: 00:41:29

Health: -14/102    AC:  9    Str: 11      XL:     13   Next: 88%
Magic:  27/32      EV: 17    Int: 23 (24) God:    Vehumet [***...]
Gold:   318        SH:  0    Dex: 17 (19) Spells: 21/40 levels left

rFire   . . .      SeeInvis +   k - +3 quarterstaff (drain)
rCold   . . .      Faith    .   (shield currently unavailable)
rNeg    . . .      Spirit   .   C - +0 steam dragon scales
rPois   .          Reflect  .   z - +0 helmet
rElec   .          Harm     .   l - +0 cloak
rCorr   +          Rampage  .   B - +0 pair of gloves of the Engineer {Str+2}
Will    +....                   e - +3 pair of boots of Tojot {Int+3}
Stlth   +.........              m - amulet of regeneration
HPRegen 1.07/turn               d - ring of resist corrosion
MPRegen 0.23/turn               t - ring of see invisible

@: slowed, glowing, very slow
A: sense surroundings 2, otherworldly, glowing, explore regen, agile 1, deformed
body, deterioration 1
a: Renounce Religion


You were on level 3 of the Lair of Beasts.
You worshipped Vehumet.
Vehumet was most pleased with you.
You visited 3 branches of the dungeon, and saw 15 of its levels.
You also visited: Sewer.

You collected 813 gold pieces.
You spent 495 gold pieces at shops.

Inventory:

Hand Weapons
 a - a +2 scimitar of flaming
 k - a +3 quarterstaff of draining (weapon)
 D - the +10 trident "Bazituza" {holy, rCorr}
   (You found it on level 9 of the Dungeon)

   It has been blessed by the Shining One to cause great damage to the undead
   and demons.
   rCorr:     It protects you from acid and corrosion.
Armour
 e - the +3 pair of boots of Tojot (worn) {Int+3}
   (You acquired it on level 3 of the Dungeon)

   Int:       It affects your intelligence (+3).
 l - a +0 cloak (worn)
 z - a +0 helmet (worn)
 B - the +0 pair of gloves of the Engineer (worn) {Str+2}
   (You found it on level 8 of the Dungeon)

   Str:       It affects your strength (+2).
 C - +0 steam dragon scales (worn)
Jewellery
 d - a ring of resist corrosion (left hand)
 m - an amulet of regeneration (around neck)
 t - a ring of see invisible (right hand)
Wands
 f - a wand of mindburst (14)
 n - a wand of roots (12)
 w - a wand of flame (28) (quivered)
 y - a wand of digging (6)
Scrolls
 b - a scroll of enchant weapon
 g - a scroll of enchant armour
 h - 2 scrolls of teleportation
 j - 6 scrolls of amnesia
 r - a scroll of summoning
 u - a scroll of brand weapon
 A - a scroll of torment {unknown}
 G - a scroll of magic mapping
 H - a scroll of butterflies {unknown}
 J - a scroll of identify
Potions
 c - 4 potions of resistance
 i - 3 potions of ambrosia
 p - a potion of cancellation
 q - 2 potions of haste
 s - 2 potions of flight
 v - 2 potions of might {unknown}
 x - a potion of curing
 F - 2 potions of heal wounds
 I - a potion of berserk rage {unknown}


   Skills:
 + Level 5.7 Fighting
 + Level 1.5 Long Blades
 + Level 8.9 Staves
 + Level 8.6 Dodging
 - Level 1.4 Stealth
 + Level 14.2 Spellcasting
 + Level 8.4 Conjurations
 + Level 5.6 Transmutations
 + Level 13.7 Fire Magic
 + Level 4.1 Ice Magic
 + Level 2.0 Evocations


You had 21 spell levels left.
You knew the following spells:

 Your Spells              Type           Power      Damage    Failure   Level
a - Foxfire               Conj/Fire      100%       2x1d9     1%          1
b - Scorch                Fire           100%       2d10      0%          2
c - Flame Wave            Conj/Fire      61%        2d14      1%          4
d - Hailstorm             Conj/Ice       45%        3d10      1%          4
e - Frozen Ramparts       Ice            70%        1d11      1%          3
f - Irradiate             Conj/Tmut      24%        3d19      1%          5

Your spell library contained the following spells:

 Spells                   Type           Power      Damage    Failure   Level
 Ignite Poison            Fire/Tmut/Pois 46%        N/A       1%          3
 Freeze                   Ice            100%       1d11      1%          1
 Magic Dart               Conj           100%       1d8       1%          1
 Conjure Flame            Conj/Fire      61%        6-21      1%          3
 Inner Flame              Hex/Fire       47%        N/A       1%          3
 Mephitic Cloud           Conj/Pois/Air  29%        N/A       1%          3
 Summon Small Mammal      Summ           64%        N/A       3%          1
 Call Imp                 Summ           16%        N/A       5%          2
 Sublimation of Blood     Necr           16%        N/A       5%          2
 Call Canine Familiar     Summ           16%        N/A       11%         3
 Summon Guardian Golem    Hex/Summ       16%        N/A       11%         3
 Petrify                  Tmut/Erth      29%        N/A       12%         4
 Chain Lightning          Conj/Air       17%        3d23      100%        9
 Fire Storm               Conj/Fire      30%        8d8       100%        9
 Shatter                  Erth           8%         3d10*     100%        9


Dungeon Overview and Level Annotations

Branches:
Dungeon (11/15) Zot: 620   Temple (1/1) D:5 Zot: 598    Lair (3/5) D:10 Zot: 426
  Swamp (0/4) Lair:3        Sewer (visited)
  Snake: Lair:2-3    Spider: Lair:2-3       Orc: D:9-12

Altars:
Ashenzari
Cheibriados
Dithmenos
Elyvilon
Fedhas
Gozag
Hepliaklqana
Kikubaaqudgha
Makhleb
Nemelex Xobeh
Okawaru
Qazlal
Ru
Sif Muna
Trog
Uskayaw
Vehumet
Xom
Yredelemnul
Zin
The Shining One

Shops:
D:3 ?   D:7 :

Annotations:
Lair:3 1 runed translucent door


Innate Abilities, Weirdness & Mutations

You passively map the area around you.
You are easily found by Zot.
You glow in the dark.
You regain HP and MP as you explore.
You are agile. (Dex +4, Str/Int -1)
Armour fits poorly on your strangely shaped body.
Your body sometimes deteriorates upon taking damage.


Message History

The bog body points at you and mumbles some strange words.
You feel as though you will be slow longer.
The yak gores you.
The bog body gestures at you while chanting.
The bolt of cold hits you!!
Your body deteriorates!
You feel clumsy.
You feel sick.
You are no longer poisoned.
The bullfrog releases a deep croak.
The yak completely misses you.
The bog body points at you and mumbles some strange words.
You easily resist.
The yak gores you! The yak barely misses you.
Unknown command.
Casting: Flame Wave (safe; 1% risk of failure)
Confirm with . or Enter, or press ? or * to list all spells.
Casting: Flame Wave (safe; 1% risk of failure)
Press: ? - help, Dir - look around, f - activate A wave of flame ripples out!
The flame wave engulfs the bog body.
The bog body resists.
The bog body is heavily damaged.
The flame wave engulfs the yak!
You kill the yak!
Vehumet accepts your kill.
The flame wave engulfs the yak!!
You kill the yak!
Vehumet accepts your kill.
You feel your power returning. (Press . to intensify the flame waves.)
The bog body casts a spell at you. The bolt of cold hits you!!
* * * LOW HITPOINT WARNING * * *
Your body deteriorates!
You feel dopey. The bullfrog misses you.
The bog body is engulfed in a forest fire.
The basilisk gazes at you. You resist with almost no effort.
The bog body touches you!
* * * LOW HITPOINT WARNING * * *
Your body deteriorates!
You feel clumsy. The bog body freezes you!!
You die...

* * , ,,, ,,,,,, , * * *
, *,, , ,.....# ,, , ,*
,, ....[. , * ,* **,
....}## ###### , , ,
#..#.###.$D.## ,
#...##+...#..# * * **#
#..#.#)w.D).#
.####.##.#..##.#, *#.#.#
,
,§...wYF@†....######..P.#
,
.~§♣§.n..#...#..#.......
§~§§§nl.)###.........., ,
,§§§§§§§..[ ##..#....>* *
§§§♣§§§..P# ##.##..## *
§~§§§§§..## #...#..# # ,
.§...§§..# ###...### #. *
,, , ,........#
##...P##.. ** , ,, ,
#.......(


You could see a torpor snail, 2 bog bodies, a yak, a basilisk and a bullfrog.

Vanquished Creatures
  4 hydras
  2 two-headed ogres
  Erica (D:9)
  2 cyclopes (D:9)
  4 black mambas
  6 cane toads
  A gargoyle (D:10)
  2 rime drakes
  2 komodo dragons
  4 polar bears (Lair:1)
  A hornet (Lair:2)
  A queen bee (Lair:3)
  5 blink frogs (Lair:2)
  Sigmund (D:3)
  A shadow (D:9)
  9 wyverns
  4 basilisks
  36 yaks
  2 steam dragons
  An acid dragon (D:10)
  10 water moccasins
  Duvessa (D:6)
  5 orc warriors
  An ice beast (D:5)
  2 sky beasts
  10 black bears
  A centaur (D:9)
  2 ogres (D:7)
  9 wolves
  3 phantoms
  Blork the orc (D:6)
  5 bullfrogs
  5 kobold brigands
  4 scorpions
  Dowan (D:6)
  18 killer bees (Lair:3)
  4 hounds
  3 orc priests
  A jelly (D:8)
  Crazy Yiuf (D:3)
  A gnoll bouda (D:6)
  Natasha (D:3)
  9 orc wizards
  2 iguanas
  13 gnolls
  11 adders
  2 river rats (Sewer)
  A shadow imp (D:8)
  2 worms (D:2)
  A dart slug (D:1)
  29 orcs
  5 bats
  3 endoplasms
  7 giant cockroaches
  3 goblins
  2 hobgoblins
  14 jackals
  26 kobolds
  9 quokkas
  6 ball pythons
  9 frilled lizards
  9 rats
341 creatures vanquished.

Vanquished Creatures (collateral kills)
  4 foxfires (Sewer)
4 creatures vanquished.

Vanquished Creatures (others)
  An orc wizard (D:9)
  236 foxfires
  14 fungi
  32 plants
283 creatures vanquished.

Grand Total: 628 creatures vanquished

Notes
Turn   | Place    | Note
-------+----------+-------------------------------------------
     0 | D:1      | hawla the Meteoran Fire Elementalist began the quest for
                  | the Orb.
     0 | D:1      | Reached XP level 1. HP: 14/14 MP: 5/5
    29 | D:1      | Reached XP level 2. HP: 20/20 MP: 4/6
   104 | D:1      | Reached skill level 3 in Spellcasting
   169 | D:1      | Reached XP level 3. HP: 20/26 MP: 5/8
   252 | D:1      | Found a faded altar of an unknown god.
   549 | D:2      | Learned a level 2 spell: Scorch
   681 | D:2      | Reached XP level 4. HP: 32/33 MP: 2/9
   686 | D:2      | Learned a level 4 spell: Flame Wave
   760 | D:2      | Found a glowing silver altar of Zin.
  1035 | D:3      | Identified a scroll of acquirement
  1035 | D:3      | Acquired the +3 pair of boots of Tojot {Int+3}
  1081 | D:3      | Noticed Sigmund
  1087 | D:3      | Killed Sigmund
  1088 | D:3      | Reached XP level 5. HP: 38/38 MP: 2/10
  1088 | D:3      | Reached XP level 6. HP: 45/45 MP: 2/11
  1233 | D:3      | Found Sofela's Magic Scroll Boutique.
  1238 | D:3      | Bought a scroll of amnesia for 52 gold pieces
  1238 | D:3      | Bought a scroll of identify for 26 gold pieces
  1238 | D:3      | Bought a scroll of teleportation for 39 gold pieces
  1238 | D:3      | Bought a scroll of identify for 26 gold pieces
  1347 | D:3      | Found a runed translucent door.
  1348 | D:3      | Noticed Crazy Yiuf
  1518 | D:3      | Killed Crazy Yiuf
  1692 | D:3      | Noticed Natasha
  1695 | D:3      | Glimpsed the power of Zot.
  1702 | D:3      | Killed Natasha
  1743 | D:3      | Glimpsed the power of Zot.
  1785 | D:4      | Found a glowing drain.
  1816 | Sewer    | Entered a sewer
  1828 | Sewer    | Reached XP level 7. HP: 39/50 MP: 5/12
  2024 | Sewer    | Reached skill level 1 in Staves
  2215 | Sewer    | Glimpsed the power of Zot.
  2228 | D:4      | Gained mutation: You occasionally lose the ability to drink
                  | potions when taking damage. [potion of mutation]
  2259 | D:4      | Reached skill level 4 in Spellcasting
  2270 | D:4      | Reached XP level 8. HP: 48/57 MP: 1/15
  2353 | D:4      | Found a bloodstained altar of Trog.
  2554 | D:4      | Found a burning altar of Makhleb.
  2629 | D:4      | Found an opulent altar of Gozag.
  2688 | D:4      | Glimpsed the power of Zot.
  2738 | D:4      | Glimpsed the power of Zot.
  2766 | D:5      | Entered Level 5 of the Dungeon
  2792 | D:5      | Reached skill level 5 in Spellcasting
  2812 | D:5      | Found a staircase to the Ecumenical Temple.
  2825 | Temple   | Entered the Ecumenical Temple
  2852 | D:5      | Found a sparkling altar of Nemelex Xobeh.
  2857 | D:5      | Lost mutation: You occasionally lose the ability to drink
                  | potions when taking damage. [potion of mutation]
  2857 | D:5      | Gained mutation: Potions are less effective at restoring
                  | your health. [potion of mutation]
  3036 | D:5      | Reached skill level 1 in Fighting
  3064 | D:5      | Reached skill level 6 in Spellcasting
  3064 | D:5      | Gained mutation: You passively map the area around you.
                  | [Meteoran growth]
  3064 | D:5      | Reached XP level 9. HP: 64/64 MP: 6/19
  3100 | D:5      | Found a hazy altar of Hepliaklqana.
  3285 | D:5      | Glimpsed the power of Zot.
  3395 | D:6      | Noticed Dowan
  3395 | D:6      | Noticed Duvessa
  3403 | D:6      | Killed Duvessa
  3404 | D:6      | Reached skill level 7 in Spellcasting
  3408 | D:6      | Killed Dowan
  3409 | D:6      | Reached skill level 5 in Conjurations
  3632 | D:6      | Found a blossoming altar of Fedhas.
  3696 | D:6      | Noticed Blork the orc
  3707 | D:6      | Killed Blork the orc
  3883 | D:6      | Glimpsed the power of Zot.
  4059 | D:7      | Reached skill level 8 in Spellcasting
  4108 | D:7      | Found Hyn Pepi's Book Shop.
  4126 | D:7      | Reached XP level 10. HP: 58/73 MP: 14/23
  4356 | D:8      | Reached skill level 5 in Staves
  4356 | D:8      | Reached skill level 10 in Fire Magic
  4544 | D:8      | Found a transporter.
  4544 | D:8      | Found a transporter.
  4896 | D:8      | Identified the +0 pair of gloves of the Engineer {Str+2}
  5031 | D:9      | Reached skill level 9 in Spellcasting
  5032 | D:9      | Reached skill level 5 in Dodging
  5043 | D:9      | Noticed Erica
  5049 | D:9      | Killed Erica
  5073 | D:9      | Reached XP level 11. HP: 83/83 MP: 12/25
  5079 | D:9      | Reached skill level 10 in Spellcasting
  5120 | D:9      | Found a broken altar of Ashenzari.
  5304 | D:9      | Found a shadowy altar of Dithmenos.
  5347 | D:9      | Noticed a two-headed ogre
  5355 | D:9      | Killed a two-headed ogre
  5376 | D:9      | Reached skill level 11 in Spellcasting
  5380 | D:9      | Found a radiant altar of Vehumet.
  5407 | D:9      | Became a worshipper of Vehumet
  5500 | D:9      | Identified the +10 trident "Bazituza" {holy, rCorr}
  5505 | D:9      | Noticed a cyclops
  5505 | D:9      | Noticed a cyclops
  5516 | D:9      | Killed a cyclops
  5516 | D:9      | Killed a cyclops
  5672 | D:7      | Bought a book of Frost for 352 gold pieces
  5681 | D:8      | Glimpsed the power of Zot.
  5731 | D:9      | Glimpsed the power of Zot.
  5740 | D:10     | Entered Level 10 of the Dungeon
  5746 | D:10     | Learned a level 4 spell: Hailstorm
  5878 | D:10     | Reached XP level 12. HP: 65/92 MP: 9/28
  5938 | D:10     | Noticed a two-headed ogre
  5945 | D:10     | Killed a two-headed ogre
  6076 | D:10     | Reached * piety under Vehumet
  6076 | D:10     | Offered knowledge of Sandblast by Vehumet.
  6123 | D:10     | Reached skill level 12 in Spellcasting
  6159 | D:10     | Found a staircase to the Lair.
  6284 | D:10     | Glimpsed the power of Zot.
  6301 | D:11     | Learned a level 3 spell: Frozen Ramparts
  6364 | Lair:1   | Entered Level 1 of the Lair of Beasts
  6391 | Lair:1   | Noticed a four-headed hydra
  6402 | Lair:1   | Killed a one-headed hydra
  6403 | Lair:1   | Reached skill level 1 in Ice Magic
  6409 | Lair:1   | Noticed a seven-headed hydra
  6424 | Lair:1   | Killed a seven-headed hydra
  6425 | Lair:1   | Reached skill level 5 in Fighting
  6435 | Lair:1   | Lost mutation: Potions are less effective at restoring your
                  | health. [potion of mutation]
  6435 | Lair:1   | Gained mutation: Armour fits poorly on your strangely
                  | shaped body. [potion of mutation]
  6435 | Lair:1   | Gained mutation: Your body sometimes deteriorates upon
                  | taking damage. [potion of mutation]
  6435 | Lair:1   | Gained mutation: You are agile. (Dex +4, Str/Int -1)
                  | [potion of mutation]
  6492 | Lair:1   | Reached skill level 1 in Long Blades
  6750 | Lair:1   | Reached skill level 13 in Spellcasting
  6859 | Lair:1   | Glimpsed the power of Zot.
  6866 | Lair:1   | Reached ** piety under Vehumet
  6917 | Lair:2   | Noticed a seven-headed hydra
  6928 | Lair:2   | Offered knowledge of Poisonous Vapours by Vehumet.
  6929 | Lair:2   | Reached XP level 13. HP: 36/100 MP: 24/31
  6931 | Lair:2   | Killed a six-headed hydra
  6938 | Lair:2   | Learned a level 5 spell: Irradiate
  7033 | Lair:2   | Noticed an eight-headed hydra
  7039 | Lair:2   | Killed an eight-headed hydra
  7058 | Lair:2   | Reached skill level 5 in Transmutations
  7395 | Lair:2   | Offered knowledge of Dazzling Flash by Vehumet.
  7462 | Lair:2   | Glimpsed the power of Zot.
  7516 | Lair:3   | Reached *** piety under Vehumet
  7570 | Lair:3   | Offered knowledge of Ignite Poison by Vehumet.
  7583 | Lair:3   | Found a runed translucent door.
  7583 | Lair:3   | Noticed a seven-headed hydra
  7617 | Lair:3   | Reached skill level 14 in Spellcasting
  7726 | Lair:3   | Found a staircase to the Swamp.
  7731 | Lair:3   | Demolished by a bog body

Illustrated notes

Levels and vault maps discovered:
D:1:      dpeg_arrival_refuge, layout_rooms, nicolae_ecumenical_lake_church
D:2:      layout_basic, basic_altar, serial_corexii_hall,
          chequers_hall_statues_corner_a, chequers_hall_statues_wall_a,
          chequers_hall_statues_y, corexii_hall_statues_t
D:3:      layout_basic, serial_shops, shop, minmay_joined_circles, uniq_sigmund,
          uniq_natasha, uniq_crazy_yiuf_cottage
D:4:      layout_loops_ring, makhleb_heckhound_becter,
          nicolae_gozag_seed_capital, lightli_temple_of_fire,
          mainiacjoe_overflow_alcove_1, gup_sewer_entry_pipe,
          dreamdust_mushroom_princess, eino_small_chamber_without_monster
D:5:      layout_basic, mainiacjoe_overflow_concentric_impassable,
          mainiacjoe_overflow_boulevard, minmay_temple_entry_proselytizer
D:6:      layout_basic, fedhas_altar_2, kennysheep_minor_cross, uniq_duvessa,
          uniq_blork_the_orc
D:7:      layout_rooms, serial_shops, nicolae_stop_n_shop_2
D:8:      gammafunk_beogh_shrine, layout_basic
D:9:      layout_basic, fiery_altar_vehumet, ashenzari_altar_1,
          kennysheep_mini_moat, minivault_20, uniq_erica
D:10:     layout_cave_pools, erik_lair_dragon
D:11:     layout_roguey, uniq_erolcha
Temple:   nicolae_temple_no_exploring_needed
Lair:1:   beast_lair_carwin_large_3, layout_chaotic_city, serial_bayou_shore_b
Lair:2:   layout_long_grid
Lair:3:   regret_index_harrowing_hell_hive, layout_cave_pods,
          skrybe_swamp_entry_bodies, minmay_snake_entry_six_corridors,
          pf_torpor_hydra

Skill      XL: |  1  2  3  4  5  6  7  8  9 10 11 12 13 |
---------------+----------------------------------------+-----
Dodging        | 3 4 5 6 7 8 |  8.6
Fire Magic     | 4 6 7 8 9 10 12 13 | 13.7
Spellcasting   | 3 4 6 8 9 11 13 14 | 14.2
Conjurations   | 3 4 5 6 7 8 |  8.4
Staves         | 1 3 4 6 8 |  8.9
Fighting       | 1 2 3 4 5 |  5.7
Evocations     | 2 |  2.0
Ice Magic      | 2 4 |  4.1
Long Blades    | 1 |  1.5
Transmutations | 5 |  5.6
Stealth        | |  1.4

Action                   |  1- 3 |  4- 6 |  7- 9 | 10-12 | 13-15 || total
-------------------------+-------+-------+-------+-------+-------++-------
Melee: Unarmed           |     6 |     5 |       |       |       ||    11
       Quarterstaff      |       |    42 |    86 |   125 |    35 ||   288
       Scimitar          |       |       |       |    11 |     2 ||    13
 Cast: Foxfire           |    40 |    20 |    55 |     9 |    18 ||   142
       Scorch            |     5 |    13 |    56 |    61 |    13 ||   148
       Flame Wave        |       |     3 |    12 |    36 |    25 ||    76
       Hailstorm         |       |       |       |    21 |    12 ||    33
       Frozen Ramparts   |       |       |       |    10 |     9 ||    19
       Irradiate         |       |       |       |       |     2 ||     2
Evoke: Wand              |       |       |       |     1 |       ||     1
  Use: Scroll            |     3 |     3 |    13 |     5 |     4 ||    28
       Potion            |       |       |     2 |     4 |     2 ||     8
Armor: Robe              |    10 |    28 |    51 |    35 |       ||   124
       Steam dragon scal |       |       |       |    63 |    32 ||    95
Dodge: Dodged            |    15 |    41 |    86 |   144 |   105 ||   391
